 Dungeon Crawl Stone Soup version 0.26-a0-412-ga3d1f51b80 (webtiles) character file.

Game seed: 1408035143504216035

(classic levelgen) 910 EnegeticOcto the Ruffian (level 7, -4/108 HPs)
             Began as a Troll Fighter on July 24, 2020.
             Was an Initiate of Ru.
             Impaled on a porcupine's spines (10 damage)
             ... on level 9 of the Dungeon.
             The game lasted 00:06:15 (1086 turns).

EnegeticOcto the Ruffian (Troll Fighter)            Turns: 1086, Time: 00:06:16

Health: -4/108     AC:  7    Str: 25    XL:     7   Next: 81%
Magic:  0/6        EV:  8    Int:  4    God:    Ru [......]
Gold:   118        SH:  8    Dex:  9    Spells: 6/6 levels left

rFire    . . .     SeeInvis .     - Unarmed
rCold    . . .     Faith    .   b - +0 kite shield
rNeg     . . .     Spirit   +   a - +0 robe
rPois    .         Reflect  .   (helmet restricted)
rElec    .         Harm     .   p - +0 cloak
rCorr    .                      (gloves unavailable)
MR       .....                  (boots unavailable)
Stlth    ..........             j - amulet of guardian spirit
HPRegen  0.68/turn              (no ring)
MPRegen  0.10/turn              (no ring)

@: brilliant, berserking, very quick
A: large, unfitting armour, claws 3, horns 1, clumsy 1, regeneration 1, shaggy
fur 1, tough skin 3
a: Renounce Religion


You were on level 9 of the Dungeon.
You worshipped Ru.
Ru was noncommittal.
You visited 1 branch of the dungeon, and saw 9 of its levels.
You also visited: Ossuary.

You collected 118 gold pieces.

Inventory:

Missiles
 k - 2 boomerangs (quivered)
Armour
 a - a +0 robe (worn)
 b - a +0 kite shield (worn)
 p - a +0 cloak (worn)
Jewellery
 j - an amulet of guardian spirit (around neck)
Wands
 f - a wand of flame (20) {@v4}
 o - a wand of paralysis (3)
Scrolls
 e - a scroll of enchant weapon
 g - 2 scrolls of remove curse {@r2}
Potions
 c - a potion of might {@q3 !q}
 d - 3 potions of curing {@q1 !q}
 l - 3 potions of haste {@q4 !q}
 m - a potion of lignification {@q6}
 r - a potion of mutation


   Skills:
 - Level 5.0 Fighting
 - Level 2.4 Dodging
 - Level 2.4 Shields
 + Level 7.5 Unarmed Combat


You had 6 spell levels left.
You didn't know any spells.
Your spell library was empty.

Dungeon Overview and Level Annotations

Branches:
Dungeon (9/15)            Ossuary (visited)
 Temple: D:4-7         Lair: D:8-11         Orc: D:9-12

Altars:
Fedhas
Ru
Sif Muna


Innate Abilities, Weirdness & Mutations

You are too large for most types of armour.
You have claws for hands.
Your natural rate of healing is unusually fast.
You are covered in fur. (AC +1)
You have extremely tough skin. (AC +3)
You have a pair of small horns on your head.
You are clumsy. (Dex -2)


Message History

Evoke which item? (* to show all) (? for menu, Esc to quit)
Aiming: Paralyse
Press: ? - help, Shift-Dir - straight line, f/p - hornet
Aim: a hornet (chance to defeat MR: 37%)
The hornet easily resists.
The worker ant twitches its antennae in your direction.
You feel yourself speed up. The hornet stings you!
You feel yourself slow down.
The hornet stings you but does no damage.
The hornet stings you!
You feel as though you will be slow longer.
Evoke which item? (* to show all) (? for menu, Esc to quit)
Aiming: Paralyse
Press: ? - help, Shift-Dir - straight line, f/p - hornet
Aim: a hornet (chance to defeat MR: 37%)
The hornet easily resists.
The hornet stings you!
You feel as though you will be slow longer.
The hornet stings you.
You are poisoned.
You feel as though you will be slow longer.
Evoke which item? (* to show all) (? for menu, Esc to quit)
Aiming: Paralyse
Press: ? - help, Shift-Dir - straight line, f/p - hornet
Aim: a hornet (chance to defeat MR: 37%)
The hornet suddenly stops moving!
You feel sick.
The porcupine bites you but does no damage.
A porcupine comes into view.
You block the porcupine's attack.
The helpless hornet fails to defend itself.
You claw the hornet!
The hornet is moderately wounded.
You feel sick. The porcupine bites you!
The teleport trap disappears.
The porcupine disappears!
The porcupine bites you. You block the worker ant's attack.
Okay, then.
Unknown command.
The helpless hornet fails to defend itself.
You claw the hornet!
The hornet is severely wounded.
You feel sick. The worker ant closely misses you.
The porcupine barely misses you. The black bear bites you.
* * * LOW HITPOINT WARNING * * *
You block the black bear's attack.
The black bear claws you but does no damage.
The worker ant bites you but does no damage.
The porcupine barely misses you. The worker ant bites you.
* * * LOW HITPOINT WARNING * * *
You are more poisoned.
The worker ant poisons you!
You feel sick. The porcupine bites you!
* * * LOW HITPOINT WARNING * * *
The worker ant bites you.
* * * LOW HITPOINT WARNING * * *
You feel sick. The porcupine closely misses you.
You feel sick. You block the worker ant's attack.
Really quaff the potion of lignification?
You turn into a tree.
Your +0 cloak melds into your body.
Your +0 robe melds into your body.
Your roots penetrate the ground.
You feel yourself speed up.
You feel sick. You block the porcupine's attack.
The worker ant bites you but does no damage.
It was a potion of curing.
You feel better. The porcupine bites you.
* * * LOW HITPOINT WARNING * * *
The worker ant bites you but does no damage.
You block the porcupine's attack.
The worker ant bites you but does no damage.
It was a potion of mutation.
You feel extremely strange.
You feel clumsy. A pair of horns grows on your head!
The porcupine bites you but does no damage.
The worker ant bites you but does no damage.
You block the black bear's attack.
The black bear claws you but does no damage. x2
Okay, then.
It was a potion of cancellation.
Your magical effects are unravelling.
You feel magically purged.
You feel less wooden.
Your +0 cloak unmelds from your body.
Your +0 robe unmelds from your body.
You block the porcupine's attack.
The worker ant bites you but does no damage.
The black bear bites you.
* * * LOW HITPOINT WARNING * * *
The black bear claws you but does no damage.
You block the black bear's attack.
It was a potion of brilliance.
You feel clever all of a sudden. You block the porcupine's attack.
You block the worker ant's attack. The black bear closely misses you.
You block the black bear's attack.
The black bear claws you but does no damage.
It was a potion of berserk rage.
A red film seems to cover your vision as you go berserk!
You feel yourself moving faster!
You feel mighty! The porcupine closely misses you.
You block the worker ant's attack. The black bear bites you!
* * * LOW HITPOINT WARNING * * *
The black bear claws you.
* * * LOW HITPOINT WARNING * * *
You block the black bear's attack.
You are struck by the porcupine's spines.
You die...

..P ......P .P.P.....
#......... ##
########..........
##..#.#..##...........
#......y..............
#....hra.............
...#.#@##..y.........
###.............
##.##.........
####.<.......
##........ ##.......
[...... .......
#.#....


You could see a hornet, a black bear, a porcupine and a worker ant.

Vanquished Creatures
  A hippogriff (D:8)
  An ogre (D:8)
  An elf zombie (Ossuary)
  A bullfrog (D:6)
  A scorpion (D:7)
  2 centaur zombies (Ossuary)
  2 orc wizards
  2 human zombies (Ossuary)
  A jelly (D:8)
  3 orc priests
  A worker ant (D:4)
  2 mummies (Ossuary)
  5 adders
  A shadow imp (D:8)
  2 adder zombies (Ossuary)
  A dart slug (D:3)
  A leopard gecko (D:2)
  9 orcs
  4 goblins
  5 hobgoblins
  2 jackals (D:3)
  4 kobolds
  A quokka (D:3)
  4 bats
  2 frilled lizards
  12 hobgoblin zombies (Ossuary)
  10 kobold zombies (Ossuary)
  5 orc zombies (Ossuary)
  A rat (D:3)
  3 rat zombies (Ossuary)
90 creatures vanquished.

Vanquished Creatures (others)
  A fungus (D:9)
1 creature vanquished.

Grand Total: 91 creatures vanquished

Notes
Turn   | Place    | Note
-------+----------+-------------------------------------------
     0 | D:1      | EnegeticOcto the Troll Fighter began the quest for the Orb.
     0 | D:1      | Reached XP level 1. HP: 22/22 MP: 0/0
   197 | D:2      | Reached XP level 2. HP: 18/29 MP: 1/1
   292 | D:2      | Reached skill level 3 in Fighting
   299 | D:3      | Reached skill level 3 in Unarmed Combat
   299 | D:3      | Reached XP level 3. HP: 37/37 MP: 2/2
   339 | D:3      | Reached XP level 4. HP: 34/45 MP: 3/3
   383 | D:3      | Found a shimmering blue altar of Sif Muna.
   451 | D:4      | Reached skill level 4 in Unarmed Combat
   451 | D:4      | Reached XP level 5. HP: 50/54 MP: 4/4
   509 | D:4      | Reached skill level 4 in Fighting
   526 | D:5      | Entered Level 5 of the Dungeon
   594 | D:5      | Found a blossoming altar of Fedhas.
   612 | D:6      | Reached XP level 6. HP: 51/63 MP: 3/5
   671 | D:7      | Reached skill level 5 in Unarmed Combat
   687 | D:7      | Found a sacrificial altar of Ru.
   693 | D:7      | Became a worshipper of Ru the Awakened
   736 | D:8      | Noticed a hippogriff
   756 | D:8      | Killed a hippogriff
   756 | D:8      | Reached skill level 5 in Fighting
   756 | D:8      | Reached skill level 6 in Unarmed Combat
   756 | D:8      | Reached XP level 7. HP: 22/72 MP: 2/6
   808 | D:8      | Found a sand-covered staircase.
   812 | Ossuary  | Entered an ossuary
   910 | Ossuary  | Reached skill level 7 in Unarmed Combat
  1064 | D:9      | Noticed a hornet
  1082 | D:9      | Gained mutation: You are clumsy. (Dex -2) [potion of
                  | mutation]
  1082 | D:9      | Gained mutation: You have a pair of small horns on your
                  | head. [potion of mutation]
  1086 | D:9      | Impaled on a porcupine's spines

Illustrated notes

Levels and vault maps discovered:
D:1:      minmay_arrival_four_houses, layout_loops_corners, doesnt_xom_only_xom
D:2:      layout_loops_cross, minmay_tromino_v4_a
D:3:      layout_rooms, nicolae_overflow_crystal_walls,
          minmay_misc_feat_more_columns, uniq_ijyb
D:4:      layout_basic, nicolae_dithmenos_shadow_blocks, serial_bayou_crossing
D:5:      layout_layer_cave, tgw_fedhas, uniq_grinder
D:6:      layout_basic, lemuel_doored_altar, lemuel_temple_firewalk_b,
          nrook_pool_corridor, uniq_crazy_yiuf_cottage
D:7:      layout_loops_cross, old_standard_altar
D:8:      layout_loops_ring, nicolae_ossuary_entry_plus
D:9:      layout_cross, due_lair_maze_entry_diamond, orc_0_dummy

Skill      XL: |  1  2  3  4  5  6  7 |
---------------+----------------------+-----
Fighting       | 3 4 5 |  5.0
Unarmed Combat | 3 4 6 7 |  7.5
Dodging        | |  2.4
Shields        | |  2.4

Action                   |  1- 3 |  4- 6 |  7- 9 || total
-------------------------+-------+-------+-------++-------
Melee: Unarmed           |    70 |   106 |   128 ||   304
Evoke: Wand              |       |       |     6 ||     6
  Use: Scroll            |       |     3 |     3 ||     6
       Potion            |       |       |     6 ||     6
 Stab: Paralysed         |       |       |     2 ||     2
Armor: Robe              |    33 |    41 |    31 ||   105
       Skin              |       |       |     7 ||     7
Dodge: Dodged            |    26 |    38 |    36 ||   100
Block: Kite shield       |    30 |    63 |    64 ||   157

Table legend: (Time is in decaauts)
 A = Elapsed time spent in this place.
 B = Non-inter-level travel time spent in this place.
 C = Inter-level travel time spent in this place.
 D = Time resting spent in this place.
 E = Time spent auto-exploring this place.
 F = Levels seen in this place.
 G = Mean time per level.
                   A        B        C        D        E       F      G
               +--------+--------+--------+--------+--------+-----+--------+
         Total |   1094 |   1078 |     16 |      0 |      0 |  10 |  109.4 |
       Dungeon |    881 |    865 |     16 |      0 |      0 |   9 |   97.9 |
       Ossuary |    212 |    212 |      0 |      0 |      0 |   1 |  212.0 |
               +--------+--------+--------+--------+--------+-----+--------+

Top non-repeatable levels by time:
 Ossuary: 212 daAuts
     D:1: 180 daAuts
     D:3: 152 daAuts
     D:8: 132 daAuts
     D:2: 130 daAuts
     D:5: 76 daAuts
     D:4: 67 daAuts
     D:6: 62 daAuts
     D:7: 51 daAuts
     D:9: 27 daAuts
